[Event "Late-Titled-Tuesday-Blitz-September-05-2023"]
[Site "Chess.com"]
[Date "2023.09.05"]
[Round "7"]
[White "sofaceindisguise"]
[Black "chessisveryfun1264"]
[Result "1-0"]
[WhiteElo "2740"]
[BlackElo "2527"]
[TimeControl "180+1"]
[EndTime "15:16:57 PDT"]
[Termination "sofaceindisguise won by checkmate"]

1. c4 b6 2. Nf3 Bb7 3. Nc3 e6 4.
d4 Bb4 5. Bd2 f5 6. Rc1 Nf6 7.
a3 Bxc3 8. Bxc3 Ne4 9. g3 O-O 10. Bg2 d6 11. O-O Nd7 12. b4 Qe7 13. Bb2 a5 14.
Qb3 axb4 15. axb4 b5 16. cxb5 Nb6 17. Ra1 Bd5 18. Qd3 Bc4 19. Qc2 Bxb5 20. Rfc1 Rxa1 21. Rxa1 Nd7 22. h4 Ndf6 23. Ra7 Nd5 24. Ng5 Nxb4 25.
Qxc7 Qxc7 26. Rxc7 Nxg5 27. hxg5 Bxe2 28. Ba3 Rb8 29.
Bb7 Nd5 30. Rd7 Nb6 31. Re7 Rd8 32. d5 e5 33. Bb4 Nc4 34. f4 e4 35. Bc3 Nb6 36.
Rxg7+ Kf8 37. Rxh7 Rd7 38. Rh8+ Kf7 39. Bc6 Ra7 40. Rh7+ Kg6 41. Rxa7 Nc4 42. Be8# 1-0

[Event "Late-Titled-Tuesday-Blitz-September-05-2023"]
[Site "Chess.com"]
[Date "2023.09.05"]
[Round "7"]
[White "micke12a"]
[Black "dosto07"]
[Result "0-1"]
[WhiteElo "2337"]
[BlackElo "2509"]
[TimeControl "180+1"]
[EndTime "15:17:00 PDT"]
[Termination "dosto07 won by resignation"]

1. e4 e5 2. Nf3 Nc6 3. Bb5 a6 4.
Ba4 Nf6 5. O-O Be7 6. Bxc6 dxc6 7. d3 Nd7 8. Nbd2 f6 9. Nc4 O-O 10. Nh4 Nc5 11. Ne3 g6 12. b3 Ne6 13. g3 a5 14. a4 Nd4 15. f4 Bh3 16. Rf2 exf4 17. gxf4 f5 18. Nf3 Bc5 19. Bb2 Nxb3 20. d4 Nxa1 21.
dxc5 Qxd1+ 22. Nxd1 fxe4 23. Nd4 Nxc2 24. Nxc2 Rad8 25. Nd4 Rd5 26. Ne3 Rxc5 27. Ba3 Rc3 28. Ndc2 Rd8 29. Re2 Rdd3 30. Bb2 Rb3 31. Be5 b5 32. Bxc7 bxa4 33. Bxa5 a3 34. Kf2 a2 35. Re1 Rb1 36. Bd2 Rxd2+ 0-1

[Event "Late-Titled-Tuesday-Blitz-September-05-2023"]
[Site "Chess.com"]
[Date "2023.09.05"]
[Round "7"]
[White "Too_Stupid_To_Play"]
[Black "DenishevM"]
[Result "0-1"]
[WhiteElo "2287"]
[BlackElo "2642"]
[TimeControl "180+1"]
[EndTime "15:17:01 PDT"]
[Termination "DenishevM won by resignation"]

1. d4 Nf6 2. Bf4 g6 3. Nc3 Bg7 4. e4 d6 5. Qd2 Nc6 6. O-O-O h6 7. f3 g5 8. Be3 a6 9. h4 g4 10. f4 Nh5 11. d5 Nb8 12. Bd4 e5 13. dxe6 Bxe6 14.
Bxg7 Nxg7 15. f5 Bd7 16. Nd5 Nh5 17. Qc3 O-O 18. Nxc7 Nc6 19. Nxa8 Qxa8 20. Rxd6 Qe8 21. Rxh6 Ng7 22. Bd3 Ne5 23. Ne2 Qb8 24. Rd6 Qxd6 25. h5 Rc8 26. Qd4 Nxd3+ 27. Kd2 Qxd4 28. Nxd4 Nf2 29.
Rf1 Nxe4+ 30. Kd3 Ng3 0-1

[Event "Late-Titled-Tuesday-Blitz-September-05-2023"]
[Site "Chess.com"]
[Date "2023.09.05"]
[Round "7"]
[White "CFalcons8"]
[Black "DeArron_Fox"]
[Result "0-1"]
[WhiteElo "2320"]
[BlackElo "2474"]
[TimeControl "180+1"]
[EndTime "15:17:02 PDT"]
[Termination "DeArron_Fox won by resignation"]

1. e4 c5 2. Nf3 e6 3. d4 cxd4 4. Nxd4 a6 5. Bd3 Bc5 6. Nb3 Ba7 7. c4 Ne7 8. Qg4 Nbc6 9. Qxg7 Rg8 10. Qxh7 Rxg2 11.
Qh8+ Rg8 12. Qh3 d5 13. Nc3 dxc4 14. Bxc4 b5 15. Be2 Bb7 16. Be3 Nb4 17. Rc1 Nd3+ 18. Bxd3 Qxd3 19. Rd1 Qc4 20. Bxa7 Rxa7 21. Rd4 Qc7 22.
Qe3 Ra8 23. f3 Nc6 24. Rd2 Ne5 25. Rc2 b4 26. Nc5 Qxc5 27. Qxc5 Nd3+ 0-1

[Event "Late-Titled-Tuesday-Blitz-September-05-2023"]
[Site "Chess.com"]
[Date "2023.09.05"]
[Round "7"]
[White "leoduarte"]
[Black "olakenn"]
[Result "1-0"]
[WhiteElo "2378"]
[BlackElo "1866"]
[TimeControl "180+1"]
[EndTime "15:17:06 PDT"]
[Termination "leoduarte won on time"]

1. d4 Nf6 2. c4 g6 3. Nc3 d6 4. e4 Bg7 5. Be3 O-O 6. h3 Nc6 7. d5 Nb8 8. f4 e5 9. fxe5 dxe5 10. Nf3 Re8 11. Bd3 c6 12. O-O cxd5 13. cxd5 Nbd7 14. Rc1 b6 15. Nb5 Nc5 16. Bxc5 bxc5 17. Rxc5 Qb6 18. b4 Bf8 19. d6 a6 20. Nc7 Rb8 21. Nxe8 Nxe8 22. Kh1 Nxd6 23. Nxe5 Qxb4 24. Rc2 Nxe4 25. Qf3 Bf5 26. Nc6 Qd6 27. Bxe4 Bxe4 28. Qxe4 Rc8 29. Ne7+ Bxe7 30. Rxc8+ Kg7 31. Rc6 1-0

[Event "Late-Titled-Tuesday-Blitz-September-05-2023"]
[Site "Chess.com"]
[Date "2023.09.05"]
[Round "7"]
[White "Sanan_Sjugirov"]
[Black "ninguno46"]
[Result "1-0"]
[WhiteElo "2892"]
[BlackElo "2606"]
[TimeControl "180+1"]
[EndTime "15:17:09 PDT"]
[Termination "Sanan_Sjugirov won on time"]

1. Nf3 d5 2. e3 Nf6 3. b3 Bf5 4. Be2 e6 5. Nh4 Bg6 6. Bb2 Nbd7 7. d3 a5 8. a3 c6 9. Nd2 Bd6 10. g3 e5 11. Nxg6 hxg6 12. e4 dxe4 13. dxe4 Bc5 14. Bd3 Qe7 15. Qe2 Nh7 16. h4 Nhf8 17. Nf3 f6 18.
Kf1 Ne6 19. Kg2 Bb6 20. Bc4 Bc5 21. b4 Bb6 22. Bb3 Nc7 23. Rad1 a4 24. Ba2 c5 25.
Nd2 cxb4 26. Nc4 Bc5 27. axb4 Bxb4 28. Qg4 Nf8 29. Nb6 Rb8 30. Nc8 Qc5 31. c3 Ba3 32. Bxa3 Qxa3 33. Rd2 Qxc3 34. Rhd1 1-0

[Event "Late-Titled-Tuesday-Blitz-September-05-2023"]
[Site "Chess.com"]
[Date "2023.09.05"]
[Round "7"]
[White "tteshan"]
[Black "sjoerd893"]
[Result "1-0"]
[WhiteElo "2575"]
[BlackElo "2438"]
[TimeControl "180+1"]
[EndTime "15:17:14 PDT"]
[Termination "tteshan won on time"]

1. e4 c5 2. c3 Nf6 3. e5 Nd5 4. Nf3 d6 5. Bc4 Nb6 6. Bb3 c4 7. Bc2 d5 8. O-O Bg4 9. h3 Bxf3 10. Qxf3 e6 11. b3 Nc6 12. Re1 Be7 13. Qg3 O-O 14. d3 Re8 15. Bh6 Bf8 16. dxc4 dxc4 17. Nd2 Ne7 18.
Rad1 Qc7 19. Bg5 Ng6 20. Ne4 Kh8 21. f4 Nd5 22. h4 Nge7 23. Nd6 Nc6 24. Nxe8 Rxe8 25.
bxc4 Nb6 26. h5 Nxc4 27. Qd3 Bc5+ 28. Kh1 1-0

[Event "Late-Titled-Tuesday-Blitz-September-05-2023"]
[Site "Chess.com"]
[Date "2023.09.05"]
[Round "7"]
[White "GoltsevDmitry2000"]
[Black "WindWhistler11"]
[Result "1-0"]
[WhiteElo "2650"]
[BlackElo "2476"]
[TimeControl "180+1"]
[EndTime "15:17:16 PDT"]
[Termination "GoltsevDmitry2000 won on time"]

1. e4 e6 2. d4 d5 3. exd5 exd5 4. Nf3 Nf6 5. c4 Nc6 6. Nc3 Bb4 7. Bd3 dxc4 8. Bxc4 Bg4 9. O-O O-O 10. Bg5 h6 11. Bh4 a6 12. h3 Bh5 13. Qd3 Qd6 14. g4 b5 15. Bb3 Nxg4 16. hxg4 Bxg4 17. Bg3 Qd8 18.
Nd5 Bd6 19. Bh4 Qd7 20. Bc2 f5 21. Bb3 Kh8 22. Rad1 Qf7 23. Nf6 Qg6 24. Nxg4 Qxg4+ 25. Bg3 f4 26. Bc2 g6 27. Qe4 Rae8 28. Qxg6 Qxg6 29. Bxg6 Re6 30. Bh5 fxg3 31. d5 Re2 32. dxc6 Rg8 33. Rd2 gxf2+ 34. Kh1 Re4 35. Rdxf2 Bg3 36. Rg2 Rf4 37. Kg1 Rf5 38. Be8 Bf4 39. Bd7 Be3+ 40. Kh1 Rh5+ 41. Rh2 Rxh2+ 42. Kxh2 1-0

[Event "Late-Titled-Tuesday-Blitz-September-05-2023"]
[Site "Chess.com"]
[Date "2023.09.05"]
[Round "7"]
[White "Perdomov"]
[Black "Kostukov_Alex"]
[Result "0-1"]
[WhiteElo "2188"]
[BlackElo "2405"]
[TimeControl "180+1"]
[EndTime "15:17:16 PDT"]
[Termination "Kostukov_Alex won by resignation"]

1. d4 g6 2. c4 Bg7 3. e3 d6 4. Nf3 e5 5. dxe5 dxe5 6. Qc2 Qe7 7. Nc3 Nf6 8. e4 h6 9. Nd5 Nxd5 10. exd5 e4 11.
Ng1 Bf5 12. Be3 O-O 13. Ne2 Na6 14. a3 Nc5 15. Nd4 Bxd4 16. Bxd4 Nd3+ 17. Kd2 e3+ 18. fxe3 Nf2 19. Qc3 Ne4+ 20. Ke1 Nxc3 21. bxc3 c5 22. dxc6 bxc6 23. c5 Qh4+ 24. Kd2 Qf2+ 25. Be2 Bg4 26.
Rae1 Bxe2 27. Rxe2 Qf5 28. g4 Qd5 29. Rc1 f5 30. c4 Qe4 31. gxf5 Rxf5 32. Rg1 g5 33.
h4 Rd8 34. Kc3 Rxd4 35. hxg5 Rxc4+ 36. Kb3 Qd3+ 37. Ka2 Qxe2+ 0-1

[Event "Late-Titled-Tuesday-Blitz-September-05-2023"]
[Site "Chess.com"]
[Date "2023.09.05"]
[Round "7"]
[White "MITerryble"]
[Black "Msb2"]
[Result "0-1"]
[WhiteElo "2915"]
[BlackElo "3088"]
[TimeControl "180+1"]
[EndTime "15:17:17 PDT"]
[Termination "Msb2 won on time"]

1. e4 e6 2. d4 d5 3. exd5 exd5 4.
Nf3 Nc6 5. Bb5 a6 6. Ba4 Bd6 7. h3 Ne7 8. c3 O-O 9. O-O Bf5 10. Re1 f6 11. Nbd2 Qd7 12. Nf1 Rae8 13. Ne3 Bxh3 14. gxh3 Qxh3 15. Bb3 g5 16. Nxd5 Qg4+ 17.
Kf1 Qh3+ 18. Kg1 Kh8 19. Nxe7 g4 20. Re3 Rxe7 21. Ne5 Qh5 22. Nxc6 bxc6 23. Rxe7 Qh3 24. Rxh7+ Kxh7 25. Bc2+ f5 0-1

[Event "Late-Titled-Tuesday-Blitz-September-05-2023"]
[Site "Chess.com"]
[Date "2023.09.05"]
[Round "7"]
[White "SaqoChess_Twitch"]
[Black "FairChess_on_YouTube"]
[Result "1-0"]
[WhiteElo "2757"]
[BlackElo "3025"]
[TimeControl "180+1"]
[EndTime "15:17:17 PDT"]
[Termination "SaqoChess_Twitch won on time"]

1. d4 Nf6 2. c4 e6 3. Nc3 Bb4 4. e3 O-O 5. a3 Bxc3+ 6. bxc3 c5 7. Bd3 Nc6 8. Ne2 b6 9. O-O Ba6 10. e4 Ne8 11. f4 Na5 12. f5 exf5 13. exf5 Bxc4 14.
f6 Nxf6 15. Bg5 Qe8 16. Rxf6 gxf6 17. Bh6 Qe6 18. Nf4 Qe3+ 19. Kh1 Bxd3 20. Qh5 Rfe8 21. Qh4 Re6 22. h3 cxd4 23. cxd4 Kh8 24. d5 Rd6 25. Re1 Qc5 26. Nxd3 Qc3 27. Qg3 Rg8 28. Re8 1-0

[Event "Late-Titled-Tuesday-Blitz-September-05-2023"]
[Site "Chess.com"]
[Date "2023.09.05"]
[Round "7"]
[White "JackRodgers"]
[Black "GrigorGrigorov"]
[Result "1-0"]
[WhiteElo "2614"]
[BlackElo "2856"]
[TimeControl "180+1"]
[EndTime "15:17:17 PDT"]
[Termination "JackRodgers won by resignation"]

1. d4 Nf6 2. Bg5 d5 3. Bxf6 gxf6 4. e3 c5 5. dxc5 Nc6 6. c4 d4 7.
exd4 Qxd4 8. Qxd4 Nxd4 9. Bd3 e6 10. Ne2 Bxc5 11. Nbc3 f5 12. a3 Bd7 13. b4 Nxe2 14. Kxe2 Bd4 15. Rac1 a5 16. b5 Ke7 17. Rhd1 Rhc8 18.
Na4 e5 19. f3 b6 20. c5 Bxc5 21. Nxc5 Rxc5 22. Rxc5 bxc5 23. Bc4 a4 24. Rd5 f6 25.
Rxc5 Rb8 26. Rc7 Kd6 27. Ra7 Bxb5 28. Bxb5 Rxb5 29. Rxa4 Rb2+ 30. Kf1 Ra2 31. Ra6+ Kd5 32. Rxf6 f4 33. Ra6 Kd4 34. Ra4+ Kd5 35. h4 h5 36. Kg1 Ra1+ 37. Kh2 Ra2 38. Kh3 Ra1 39. Kh2 Ra2 40. Ra8 Kd4 41. Rd8+ Ke3 42. Rd5 Kf2 43. Rxe5 Kf1 44.
Rg5 1-0

[Event "Late-Titled-Tuesday-Blitz-September-05-2023"]
[Site "Chess.com"]
[Date "2023.09.05"]
[Round "7"]
[White "Jahonas"]
[Black "ArtemDyachuk"]
[Result "0-1"]
[WhiteElo "2401"]
[BlackElo "2557"]
[TimeControl "180+1"]
[EndTime "15:17:22 PDT"]
[Termination "ArtemDyachuk won by resignation"]

1. d4 Nf6 2. Nf3 e6 3. g3 c5 4. Bg2 cxd4 5. Nxd4 d5 6. O-O e5 7. Nf3 Nc6 8. b3 Bd6 9. Bb2 O-O 10.
Nbd2 e4 11. Nd4 e3 12. fxe3 Ng4 13. Rf3 Nce5 14. Nf1 Nxf3+ 15. exf3 Nf6 16. Qd3 Re8 17. Rd1 Be5 18. c4 h5 19. c5 h4 20. f4 Bc7 21.
b4 Bg4 22. Rd2 Ne4 23. Rc2 hxg3 24. Nxg3 Qh4 25. Nxe4 dxe4 26. Qd2 Rad8 27. Qf2 Qh5 28. Rd2 Bh3 29. Qg3 Bxg2 30. Qxg2 Qg6 31. Qxg6 fxg6 32.
a4 Rd5 33. Bc3 g5 34. f5 Be5 35. Kg2 Bf6 36. Rc2 a5 37. bxa5 Rxc5 38. Nb5 Rec8 0-1

[Event "Late-Titled-Tuesday-Blitz-September-05-2023"]
[Site "Chess.com"]
[Date "2023.09.05"]
[Round "7"]
[White "Eloist"]
[Black "Tomytoteph"]
[Result "1-0"]
[WhiteElo "2472"]
[BlackElo "2595"]
[TimeControl "180+1"]
[EndTime "15:17:22 PDT"]
[Termination "Eloist won by resignation"]

1. e4 c5 2. Nf3 g6 3. c3 Bg7 4. d4 cxd4 5. cxd4 d5 6. e5 Nc6 7. Bb5 Bg4 8. O-O e6 9. Bxc6+ bxc6 10.
Nbd2 Ne7 11. h3 Bxf3 12. Qxf3 O-O 13. Nb3 Nf5 14. g4 Ne7 15. Bg5 h6 16. Bf6 Bxf6 17.
Qxf6 Rb8 18. Rac1 Rb6 19. Rc2 Nc8 20. Qxd8 Rxd8 21. Rfc1 Ne7 22. f4 Rdb8 23. Rc5 Rb4 24. Kf2 Kg7 25. Ra5 R8b7 26. Ke3 R4b5 27. Rc5 Rb4 28. Ra6 g5 29. Rca5 gxf4+ 30. Kxf4 Ng6+ 31. Ke3 Rc4 32. Rxa7 Rxa7 33. Rxa7 Rc2 34. Nc5 Kg8 35. Rb7 Rh2 36. a4 Rxh3+ 37. Kd2 Rh2+ 38. Kc3 Nf4 39. a5 Ne2+ 40. Kd3 Nc1+ 41. Ke3 Rh3+ 42. Kd2 Rg3 43. Kxc1 Rxg4 44. a6 Rg1+ 45. Kc2 Ra1 46. a7 Kg7 47. Kb3 Ra5 48. Kb4 Ra2 49. Na4 1-0

[Event "Late-Titled-Tuesday-Blitz-September-05-2023"]
[Site "Chess.com"]
[Date "2023.09.05"]
[Round "7"]
[White "K_A_S_T_O_R"]
[Black "KaydenTroffChess"]
[Result "1-0"]
[WhiteElo "2962"]
[BlackElo "2798"]
[TimeControl "180+1"]
[EndTime "15:17:24 PDT"]
[Termination "K_A_S_T_O_R won on time"]

1. e4 c5 2. Nf3 g6 3. d4 cxd4 4. Nxd4 Bg7 5. c4 Qb6 6. Nb5 a6 7. N5c3 d6 8. Nd5 Qd8 9. Be3 Nd7 10. Nbc3 Ngf6 11. Be2 O-O 12. O-O Nxd5 13. exd5 Qa5 14. Bd4 Bxd4 15. Qxd4 Rb8 16. a3 b5 17. b4 Qb6 18.
Qxb6 Nxb6 19. cxb5 axb5 20. Bxb5 Bb7 21. Bc6 Rfc8 22.
b5 e6 23. Rfd1 exd5 24. Nxd5 Nxd5 25. Bxd5 Bxd5 26. Rxd5 Rc4 27. a4 Ra8 28. g3 Raxa4 29. Rxa4 Rxa4 30. Rxd6 Rb4 31. Rd5 Kg7 32. Kf1 Kf6 33.
Rd6+ Ke7 34. Rb6 h5 35. h4 Rb2 36. Kg2 Rb3 37. Kf1 Rb2 38. Ke1 Kd7 39. Rb7+ Ke6 40.
b6 f6 41. Rb8 Kf5 42. Kf1 Kg4 43. Kg2 g5 44. hxg5 fxg5 45. b7 h4 46. gxh4 Rb6 47. h5 1-0

[Event "Late-Titled-Tuesday-Blitz-September-05-2023"]
[Site "Chess.com"]
[Date "2023.09.05"]
[Round "7"]
[White "SEBAZZANO"]
[Black "Chessdemon2019"]
[Result "0-1"]
[WhiteElo "2189"]
[BlackElo "2359"]
[TimeControl "180+1"]
[EndTime "15:17:25 PDT"]
[Termination "Chessdemon2019 won on time"]

1. d4 d5 2. Bf4 Nf6 3. e3 Bf5 4. Nf3 e6 5. Nbd2 Nbd7 6. Ne5 c6 7. Be2 h6 8. O-O Be7 9. c4 O-O 10. c5 Nxe5 11. Bxe5 Nd7 12. Bg3 e5 13. Bxe5 Nxe5 14.
dxe5 Bxc5 15. Nb3 Be7 16. Nd4 Qd7 17. f4 Be4 18. Bg4 Qc7 19. Bf3 Bxf3 20. Qxf3 Qb6 21. Nf5 Rfe8 22. Qg4 Bf8 23. Nxh6+ Kh7 24. Nxf7 c5 25.
Rf3 Kg8 26. Ng5 Be7 27. Ne6 Bf8 28. f5 Qxb2 29. Raf1 Qxe5 30. Rh3 Qf6 31. Qh5 Rac8 32. Qh8+ Kf7 33. Qh5+ Ke7 34. Qf3 Qe5 35. g4 Kd6 36.
g5 g6 37. Nf4 Qxf5 38. Rh6 Qxg5+ 39. Kh1 Qxh6 40. Qxd5+ Kc7 41. Ne6+ Rxe6 42. Qxe6 Kb8 0-1

[Event "Late-Titled-Tuesday-Blitz-September-05-2023"]
[Site "Chess.com"]
[Date "2023.09.05"]
[Round "7"]
[White "ContrVersia"]
[Black "Amirreza_p"]
[Result "1-0"]
[WhiteElo "2891"]
[BlackElo "2604"]
[TimeControl "180+1"]
[EndTime "15:17:26 PDT"]
[Termination "ContrVersia won by resignation"]

1. Nf3 d5 2. c4 e6 3. g3 Nf6 4. Bg2 dxc4 5. O-O a6 6. a4 Nc6 7. Na3 e5 8. Nxc4 e4 9. Ng5 Bf5 10. d3 exd3 11. e4 Bg4 12. f3 Bc8 13. e5 Nd5 14.
Qxd3 Be7 15. f4 Ndb4 16. Qxd8+ Bxd8 17. Ne4 Be6 18. b3 Be7 19. Bb2 O-O-O 20. f5 Bxc4 21. bxc4 Nd3 22. f6 gxf6 23. exf6 Bb4 24. Rab1 Nxb2 25.
Rxb2 a5 26. Ng5 Ne5 27. Re2 Rde8 28. Rxe5 Rxe5 29. Nxf7 Rhe8 30. Bh3+ Kb8 31. Nxe5 Rxe5 32. f7 Bf8 33. Rd1 1-0

[Event "Late-Titled-Tuesday-Blitz-September-05-2023"]
[Site "Chess.com"]
[Date "2023.09.05"]
[Round "7"]
[White "Nikachu"]
[Black "TreinadorBR"]
[Result "0-1"]
[WhiteElo "2165"]
[BlackElo "2352"]
[TimeControl "180+1"]
[EndTime "15:17:28 PDT"]
[Termination "TreinadorBR won on time"]

1. e4 c5 2. Nf3 d6 3. d4 cxd4 4. Nxd4 Nf6 5. Nc3 a6 6. Bc4 e6 7.
Bb3 Nc6 8. Be3 Qc7 9. Qe2 b5 10. g4 h6 11. f4 Na5 12. g5 Nxb3 13.
axb3 hxg5 14. fxg5 Nd7 15. O-O-O Ne5 16. h4 Bb7 17. h5 Rc8 18. g6 Be7 19. gxf7+ Kxf7 20. Rdf1+ Bf6 21. Bg5 b4 22. Nd1 Qc5 23. Bxf6 gxf6 24.
Qe3 Ng4 25. Qd2 Bxe4 26. Rhg1 Rcg8 27. Kb1 Rxh5 28. Ne2 Rd5 29. Qc1 f5 30. Nf4 Rd4 0-1

[Event "Late-Titled-Tuesday-Blitz-September-05-2023"]
[Site "Chess.com"]
[Date "2023.09.05"]
[Round "7"]
[White "tylityli"]
[Black "InadaC"]
[Result "1-0"]
[WhiteElo "2316"]
[BlackElo "2136"]
[TimeControl "180+1"]
[EndTime "15:17:31 PDT"]
[Termination "tylityli won by resignation"]

1. d4 Nf6 2. c4 e6 3. Nc3 Bb4 4. e3 O-O 5. Ne2 d5 6. a3 Be7 7.
cxd5 exd5 8. g3 c6 9. Bg2 Bf5 10. O-O Nbd7 11. f3 Nb6 12. e4 dxe4 13. fxe4 Bg4 14.
h3 Bxe2 15. Nxe2 Re8 16. Kh2 Rc8 17. b4 Nc4 18. Qd3 b5 19. Bf4 a5 20. Rab1 axb4 21. axb4 Ra8 22. Rfc1 Ra3 23. Rc3 Rxc3 24. Nxc3 Nh5 25.
e5 Nxf4 26. gxf4 Qd7 27. d5 cxd5 28. Qxd5 Qf5 29. Qe4 Qd7 30. Rd1 Qa7 31. Nxb5 Qa4 32. Nc3 Qxb4 33. Nd5 Qa4 34. Nxe7+ Kf8 35. Rd4 Kxe7 36.
Rxc4 Qd1 37. Qxh7 Qd2 38. Qxg7 Rf8 39. e6 Qd3 40. Rc7+ Kxe6 41. Qxf8 Qd4 42. Qxf7+ Kd6 43. Rd7+ 1-0

[Event "Late-Titled-Tuesday-Blitz-September-05-2023"]
[Site "Chess.com"]
[Date "2023.09.05"]
[Round "7"]
[White "ameetghasi100"]
[Black "DvaHrasta"]
[Result "1-0"]
[WhiteElo "2687"]
[BlackElo "2506"]
[TimeControl "180+1"]
[EndTime "15:17:33 PDT"]
[Termination "ameetghasi100 won on time"]

1. g3 d5 2. Nf3 c5 3. Bg2 Nc6 4. O-O Bg4 5. d3 e5 6. Nbd2 Nf6 7. e4 dxe4 8. dxe4 Nd4 9. c3 Nxf3+ 10. Bxf3 h5 11.
Qa4+ Qd7 12. Qxd7+ Kxd7 13. Bg2 Bd6 14. Re1 h4 15. Nc4 hxg3 16. hxg3 b5 17. Ne3 Be6 18. Nf5 Bxf5 19. exf5 Rae8 20. a4 b4 21. cxb4 cxb4 22.
a5 Rc8 23. Be3 Bc5 24. Rad1+ Ke7 25. Bg5 Bd6 26. f4 Kf8 27. Rxd6 Ne8 28. fxe5 Nxd6 29. exd6 f6 30. Bf4 g5 31. fxg6 Kg7 32. d7 Rcd8 33. Bc6 Kxg6 34. Re8 1-0

[Event "Late-Titled-Tuesday-Blitz-September-05-2023"]
[Site "Chess.com"]
[Date "2023.09.05"]
[Round "7"]
[White "Bilan_Danila"]
[Black "jamengrand"]
[Result "0-1"]
[WhiteElo "2501"]
[BlackElo "2374"]
[TimeControl "180+1"]
[EndTime "15:17:34 PDT"]
[Termination "jamengrand won on time"]

1. d4 d5 2. Nf3 Nf6 3. c4 e6 4.
Nc3 c5 5. cxd5 Nxd5 6. e4 Nxc3 7. bxc3 cxd4 8. cxd4 Bb4+ 9. Bd2 Bxd2+ 10. Qxd2 O-O 11. Bc4 Nd7 12. O-O b6 13. Rad1 Bb7 14. Rfe1 Rc8 15.
Bb3 Re8 16. h3 h6 17. Qf4 Qc7 18. e5 Nf6 19. Nd2 Nd5 20. Qg4 Nc3 21. Ra1 Qd8 22. h4 b5 23. Re3 Qe7 24. Rae1 a5 25.
Rg3 Qf8 26. Qf4 Kh8 27. Nf3 a4 28. Bc2 Red8 29. a3 Rc4 30. Ng5 Rc7 31. Ree3 b4 0-1

[Event "Late-Titled-Tuesday-Blitz-September-05-2023"]
[Site "Chess.com"]
[Date "2023.09.05"]
[Round "7"]
[White "mishanick"]
[Black "sergoy"]
[Result "0-1"]
[WhiteElo "3061"]
[BlackElo "2916"]
[TimeControl "180+1"]
[EndTime "15:17:35 PDT"]
[Termination "sergoy won by resignation"]

1. d4 Nf6 2. c4 e6 3. Nc3 Bb4 4. Nf3 b6 5. e3 Bb7 6. Bd3 c5 7.
O-O O-O 8. Bd2 cxd4 9. exd4 d5 10. a3 Bxc3 11. bxc3 Ba6 12. Ne5 Nbd7 13. cxd5 Bxd3 14. Nxd3 exd5 15. Bg5 Qc7 16. Bxf6 Nxf6 17. Qb3 Rac8 18. Rfc1 Rfd8 19. a4 Ne4 20. Ra3 Nd2 21. Qd1 Nc4 22. Ra2 Re8 23. Qf3 Rcd8 24. g3 Qd7 25. h4 Re4 26.
Nf4 Rde8 27. Kg2 g6 28. Rb1 a6 29. Nd3 h5 30. Nb4 a5 31. Nd3 Ne3+ 32. Kg1 Nc4 33.
Rb5 Qh3 34. Rb1 Kg7 35. Nf4 Re1+ 0-1

[Event "Late-Titled-Tuesday-Blitz-September-05-2023"]
[Site "Chess.com"]
[Date "2023.09.05"]
[Round "7"]
[White "Sacbutt"]
[Black "jcmesafischer"]
[Result "1-0"]
[WhiteElo "2292"]
[BlackElo "2418"]
[TimeControl "180+1"]
[EndTime "15:17:35 PDT"]
[Termination "Sacbutt won by checkmate"]

1. d4 Nf6 2. c4 e6 3. Nf3 d5 4. Nc3 Be7 5. Bg5 O-O 6. e3 b6 7.
Bxf6 Bxf6 8. cxd5 exd5 9. Bd3 c5 10. O-O Nc6 11. Bb5 Ne7 12. dxc5 bxc5 13. Nxd5 Nxd5 14. Bc6 Be6 15. Bxa8 Qxa8 16. Qc2 Rc8 17. a3 Qb7 18.
Rab1 a5 19. Rfc1 g6 20. Nd2 Bf5 21. e4 Nf4 22. Re1 Bg4 23. Nc4 Rb8 24. Qd2 Bg5 25. Qxa5 Nd3 26. Ne3 Nxe1 27. Nxg4 Qxe4 28. Rxe1 Qxg4 29. Qxc5 Rxb2 30. Re8+ Kg7 31. Qf8+ Kf6 32. Qe7+ Kf5 33. Qe5# 1-0

[Event "Late-Titled-Tuesday-Blitz-September-05-2023"]
[Site "Chess.com"]
[Date "2023.09.05"]
[Round "7"]
[White "baag"]
[Black "Sibelephant"]
[Result "0-1"]
[WhiteElo "2794"]
[BlackElo "3104"]
[TimeControl "180+1"]
[EndTime "15:17:39 PDT"]
[Termination "Sibelephant won by resignation"]

1. d4 Nf6 2. c4 e6 3. Nc3 Bb4 4. e3 O-O 5. Bd3 Re8 6. Bd2 d5 7. cxd5 exd5 8. Rc1 c5 9. a3 Ba5 10. Nge2 cxd4 11. Nxd4 Nc6 12. Nce2 Bb6 13. Nxc6 bxc6 14. Rxc6 d4 15. O-O Bb7 16. Rxb6 Qxb6 17. Nxd4 Qxb2 18. Bb4 a5 19. Bd6 Qb6 20. Bg3 Ba6 21. Bxa6 Qxa6 22.
Qf3 Ne4 23. Rd1 Rad8 24. h4 Qc4 25. h5 h6 26. Bh4 Rd5 27. g4 Nc3 28. Rd2 Nb5 29.
Kg2 Nxd4 30. exd4 Rxd4 31. Rxd4 Qxd4 32. Bg3 Qe4 0-1

[Event "Late-Titled-Tuesday-Blitz-September-05-2023"]
[Site "Chess.com"]
[Date "2023.09.05"]
[Round "7"]
[White "IMGC"]
[Black "Goryachkina"]
[Result "0-1"]
[WhiteElo "2432"]
[BlackElo "2681"]
[TimeControl "180+1"]
[EndTime "15:17:39 PDT"]
[Termination "Goryachkina won by resignation"]

1. d4 Nf6 2. Nf3 d5 3. e3 Bf5 4.
c4 c6 5. Nc3 e6 6. Qb3 Qb6 7.
Bd2 Nbd7 8. Be2 h6 9. O-O Be7 10. Rfc1 O-O 11. c5 Qc7 12. Qd1 e5 13. h3 e4 14. Nh2 Rfe8 15. b4 Nf8 16. b5 Ng6 17.
bxc6 bxc6 18. Rab1 Qd7 19. Ng4 Nh4 20. Nxf6+ Bxf6 21. Bg4 h5 22. Bxf5 Qxf5 23. Qf1 Re6 24. Be1 Bd8 25. Ne2 Bc7 26. f4 exf3 27. Bxh4 Rg6 28. g3 Qe4 29. Nf4 Qxe3+ 30. Kh1 Bxf4 31. gxf4 Qxf4 32.
Bf2 Rg2 33. Bg1 Qg3 0-1

[Event "Late-Titled-Tuesday-Blitz-September-05-2023"]
[Site "Chess.com"]
[Date "2023.09.05"]
[Round "7"]
[White "PapaieDudu"]
[Black "willyam13"]
[Result "0-1"]
[WhiteElo "2293"]
[BlackElo "2446"]
[TimeControl "180+1"]
[EndTime "15:17:40 PDT"]
[Termination "willyam13 won on time"]

1. e4 e5 2. f4 exf4 3. Nf3 Ne7 4. c4 Ng6 5. a3 Be7 6. Be2 Bh4+ 7. Kf1 c5 8. b4 b6 9. Nc3 O-O 10. Nd5 Nc6 11. d3 Bf6 12. Rb1 Be5 13. h4 d6 14. h5 Nge7 15. Nxf4 f5 16. Nd5 fxe4 17. dxe4 h6 18. Kg1 Be6 19. Bd3 Bg4 20. Be2 Nd4 21.
Be3 Nxd5 22. cxd5 Qf6 23. Nxd4 cxd4 24. Bxg4 dxe3 25. Bf3 Bg3 26. Qe2 Bf2+ 27. Kf1 Rac8 28. Rh3 Qc3 29. Rd1 Qxa3 0-1

[Event "Late-Titled-Tuesday-Blitz-September-05-2023"]
[Site "Chess.com"]
[Date "2023.09.05"]
[Round "7"]
[White "mbojan"]
[Black "SCIM"]
[Result "1-0"]
[WhiteElo "2818"]
[BlackElo "2582"]
[TimeControl "180+1"]
[EndTime "15:17:42 PDT"]
[Termination "mbojan won on time"]

1. a3 e5 2. c4 Nf6 3. b4 d5 4. cxd5 Nxd5 5. Bb2 Bd6 6. e3 O-O 7. Nc3 Nxc3 8. Bxc3 Be6 9. Ne2 Nd7 10. Ng3 f5 11.
Qb1 Qh4 12. Be2 Rae8 13. O-O f4 14. Ne4 Bf5 15. Bf3 Re6 16. g3 Qe7 17. d3 Bh3 18. Qd1 Bxf1 19. Kxf1 Nf6 20. Ng5 fxe3 21. Qb3 Re8 22. fxe3 h6 23. Nxe6 Qxe6 24. Qxe6+ Rxe6 25. Bxb7 Ng4 26. Ke2 Rf6 27. h3 Nh2 28. Bd5+ Kh8 29. Rh1 c6 30. Be4 1-0

[Event "Late-Titled-Tuesday-Blitz-September-05-2023"]
[Site "Chess.com"]
[Date "2023.09.05"]
[Round "7"]
[White "miraitrunks"]
[Black "buenamor1972"]
[Result "0-1"]
[WhiteElo "2094"]
[BlackElo "2345"]
[TimeControl "180+1"]
[EndTime "15:17:43 PDT"]
[Termination "buenamor1972 won by checkmate"]

1. e4 e5 2. Nf3 Nc6 3. Bb5 a6 4. Ba4 Nf6 5. O-O Be7 6. Re1 b5 7. Bb3 d6 8. h3 O-O 9. c3 Na5 10. Bc2 c5 11. d4 Nd7 12. Nbd2 exd4 13. cxd4 Nc6 14. d5 Nce5 15. Nxe5 Nxe5 16. f4 Ng6 17. Qf3 Bh4 18. g3 Bf6 19. h4 Bd4+ 20. Kg2 f5 21. Nb3 fxe4 22. Bxe4 Bf6 23. h5 Ne7 24. Nxc5 dxc5 25. d6 Ra7 26. dxe7 Rxe7 27. Be3 Qd7 28. Bxc5 Qh3+ 29. Kg1 Rfe8 30. Bxe7 Bd4+ 31.
Re3 Rxe7 32. Rd1 Bg4 33. Rxd4 Bxf3 34. Rxf3 Qxh5 35. Bd5+ Kf8 36. Rc3 g6 37. Bg2 Re1+ 38. Kf2 Qe2# 0-1